 Dungeon Crawl Stone Soup version 0.30.0-29-ga12c61a403 (webtiles) character file.

Game seed: 15485277048633460993

77 qw the Chopper (level 4, -4/28 HPs)
             Began as a Gargoyle Fighter on June 4, 2023.
             Slain by an ogre
             ... wielding a +0 giant club
              (15 damage)
             ... on level 3 of the Dungeon.
             The game lasted 00:00:54 (1757 turns).

qw the Chopper (Gargoyle Fighter)                   Turns: 1757, Time: 00:00:54

Health: -4/28      AC: 12    Str: 22    XL:     4   Next: 34%
Magic:  4/4        EV:  9    Int:  8    God:
Gold:   78         SH:  4    Dex:  9    Spells: 3/3 levels left

rFire   + + .        Y - +0 war axe
rCold   x . .        c - +0 buckler
rNeg    + . .        i - +0 fire dragon scales
rPois   inf          (no helmet)
rElec   +            (no cloak)
rCorr   .            (no gloves)
SInv    .            (no boots)
Will    .....        (no amulet) Stlth
                     (no ring)
HPRegen 0.24/turn    (no ring)
MPRegen 0.09/turn

%: no passive effects
@: no status effects
A: sickness immunity, AC +3, negative energy resistance 1, electricity
resistance, torment resistance 1, petrification resistance
a: no special abilities


You were on level 3 of the Dungeon.
You visited 1 branch of the dungeon, and saw 3 of its levels.

You collected 130 gold pieces.
You spent 52 gold pieces at shops.


Innate Abilities, Weirdness & Mutations

You are immune to sickness and miasma.
Your stone body is resilient. (AC +3)
You are immune to poison.
You resist negative energy. (rN+)
You are resistant to electric shocks. (rElec)
You are resistant to unholy torment.
You are immune to petrification.


   Skills:
 - Level 3.2 Fighting
 + Level 4.1 Axes
 - Level 3.2 Armour
 - Level 3.2 Shields


You had 3 spell levels left.
You didn't know any spells.
Your spell library was empty.

Inventory:

Hand Weapons
 h - a +0 club
 Y - a +0 war axe (weapon)
Armour
 b - a +0 scale mail
 c - a +0 buckler (worn)
 i - +0 fire dragon scales (worn)
Scrolls
 e - 5 scrolls of identify
 j - a scroll of enchant weapon {unknown}
 l - a scroll of amnesia {unknown}
Potions
 a - a potion of resistance {unknown}
 d - a potion of might
 f - 2 potions of heal wounds
 g - 2 potions of curing
 k - a potion of lignification {unknown}

Dungeon Overview and Level Annotations

Branches:
Dungeon (3/15)

Altars:

Shops:
D:1 [   D:2 ?


Message History

The kobold hits you with a +0 short sword.
The kobold barely misses you.
You barely miss the kobold. The kobold barely misses you.
You completely miss the kobold. You closely miss the goblin.
The goblin hits you with a +0 club. The kobold closely misses you.
You closely miss the kobold. You barely miss the goblin.
The kobold closely misses you.
The goblin hits you but does no damage. x2
The kobold barely misses you.
You hit the kobold.
The kobold is severely wounded.
You hit the goblin.
You kill the goblin!
You block the kobold's attack.
You slash the kobold!
You kill the kobold!
You start resting.
HP restored.
l - a scroll labelled RYOFOT YZITRA You now have 65 gold pieces (gained 2).
Things that are here:
a +0 club; 2 stones You now have 78 gold pieces (gained 13).
An ogre comes into view. It is wielding a +0 giant club.
Found 16 gold pieces.
Enter note:
Enter note:
Enter note: You hit the ogre.
The ogre is lightly wounded.
The ogre hits you with a +0 giant club.
You hit the ogre.
The ogre is moderately wounded.
The ogre hits you with a +0 giant club!
Ouch! That really hurt!
You slash the ogre!
The ogre is severely wounded.
The ogre hits you with a +0 giant club!
Ouch! That really hurt!
You die...

#.#######
#....####
#..<.....
####..#.####
........####
######......
##.###### #####
#.##### ...$..O.#
#...# #.# #@#
#...# #.# #.#
#...###.##### #.#
#............ #.#
#............
#.####.........)..
#.............)...
######............
####.........
#.........


You could see an ogre.

Vanquished Creatures
  4 adders (D:2)
  A worm (D:3)
  2 endoplasms (D:1)
  3 giant cockroaches
  2 goblins
  2 hobgoblins
  2 jackals (D:2)
  2 kobolds (D:3)
  3 quokkas (D:1)
  8 ball pythons
  4 bats
  4 frilled lizards
  4 rats
41 creatures vanquished.

Notes
Turn   | Place    | Note
-------+----------+-------------------------------------------
     0 | D:1      | qw the Gargoyle Fighter began the quest for the Orb.
     0 | D:1      | Reached XP level 1. HP: 14/14 MP: 1/1
     0 | D:1      | 0 ||| qw: Version: 0.2-a-103-g5a998e5
     0 | D:1      | 0 ||| qw: Game counter: 1132
     0 | D:1      | 0 ||| qw: Always use a shield: true
     0 | D:1      | 0 ||| qw: God list: Okawaru
     0 | D:1      | 0 ||| qw: Allow faded altars: false
     0 | D:1      | 0 ||| qw: Do Orc after D:15 true
     0 | D:1      | 0 ||| qw: Do second Lair branch before Depths: true
     0 | D:1      | 0 ||| qw: Lair rune preference: random
     0 | D:1      | 0 ||| qw: Plans: Normal, Zot:1-4, Slime:5, God:TSO, Crypt,
                  | Tomb, Pan, Hells, Abyss, Win
     0 | D:1      | 0 ||| PLANNING D:1-11
   102 | D:1      | Reached skill level 2 in Axes
   188 | D:1      | Reached XP level 2. HP: 17/19 MP: 2/2
   419 | D:1      | Found Wocouptu's Armour Shoppe.
   428 | D:1      | 428 ||| SHOPLISTING +0 pair of gloves (49 gold, have 32).
   428 | D:1      | 428 ||| SHOPLISTING +2 hat (176 gold, have 32).
   428 | D:1      | 428 ||| SHOPLISTING +3 plate armour of cold resistance (495
                  | gold, have 32).
   779 | D:1      | 779 ||| Stepping ~*~*~tactically~*~*~ (stealth).
   800 | D:1      | Found a faded altar of an unknown god.
   849 | D:1      | Reached skill level 3 in Axes
   922 | D:1      | 922 ||| READING scroll labelled RIDWE MUM HEU.
   923 | D:1      | 923 ||| READING 3 scrolls labelled TEGAYL ABEFUSS.
   924 | D:1      | 924 ||| DRINKING 3 puce potions.
   925 | D:1      | 925 ||| DROPPING 2 scrolls of fear.
   948 | D:2      | Reached XP level 3. HP: 23/23 MP: 3/3
  1023 | D:2      | Found Ampeam's Magic Scroll Shoppe.
  1041 | D:2      | 1041 ||| BUYING scroll of identify (26 gold).
  1041 | D:2      | Bought a scroll of identify for 26 gold pieces
  1041 | D:2      | 1041 ||| BUYING scroll of identify (26 gold).
  1041 | D:2      | Bought a scroll of identify for 26 gold pieces
  1041 | D:2      | 1041 ||| SHOPLISTING scroll of teleportation (39 gold, have
                  | 18).
  1120 | D:2      | 1120 ||| Stepping ~*~*~tactically~*~*~ (stealth).
  1131 | D:2      | 1131 ||| Stepping ~*~*~tactically~*~*~ (stealth).
  1132 | D:2      | 1132 ||| Stepping ~*~*~tactically~*~*~ (stealth).
  1204 | D:2      | 1204 ||| Stepping ~*~*~tactically~*~*~ (stealth).
  1227 | D:2      | Reached XP level 4. HP: 27/28 MP: 4/4
  1380 | D:2      | Reached skill level 4 in Axes
  1524 | D:2      | 1524 ||| UPGRADING to +0 fire dragon scales.
  1534 | D:2      | 1534 ||| READING scroll labelled WAMERY YL VIAKK.
  1535 | D:2      | 1535 ||| READING scroll labelled UTAMMO KOVUNE.
  1536 | D:2      | 1536 ||| READING 5 scrolls of identify.
  1536 | D:2      | 1536 ||| IDENTIFYING inky potion
  1653 | D:3      | 1653 ||| Stepping ~*~*~tactically~*~*~ (hiding).
  1654 | D:3      | 1654 ||| Stepping ~*~*~tactically~*~*~ (hiding).
  1751 | D:3      | Noticed an ogre
  1757 | D:3      | Slain by an ogre

Levels and vault maps discovered:
D:1:      dpeg_arrival_houses_and_road, layout_loops_corners,
          hellmonk_ecumenical_altar_pennies_from_heaven, serial_shops,
          nicolae_square_shop
D:2:      layout_basic, serial_shops, nicolae_shop_tiny_glass
D:3:      layout_basic

Skill      XL: |  1  2  3  4 |
---------------+-------------+-----
Axes           | 2 3 4 |  4.1
Fighting       | |  3.2
Armour         | |  3.2
Shields        | |  3.2

Action                     |  1- 3 |  4- 6 || total
---------------------------+-------+-------++-------
  Melee: War axe           |   121 |    29 ||   150
    Use: Scroll            |     2 |     3 ||     5
         Potion            |     1 |       ||     1
 Armour: Scale mail        |    66 |     2 ||    68
         Fire dragon scale |       |     8 ||     8
  Dodge: Dodged            |    60 |    16 ||    76
  Block: Buckler           |    21 |     4 ||    25

Table legend:
 A = Non-vault XP
 B = Vault XP
 C = Vault XP percentage of total XP
 D = Non-vault monster count
 E = Vault monster count
 F = Vault count percentage of total count
                 A         B        C        D         E       F
            +---------+---------+-------+---------+---------+-------
      Total |     111 |       0 |   0.0 |      41 |       0 |   0.0
            +---------+---------+-------+---------+---------+-------
        D:1 |      32 |       0 |   0.0 |      22 |       0 |   0.0
        D:2 |      68 |       0 |   0.0 |      13 |       0 |   0.0
        D:3 |      11 |       0 |   0.0 |       6 |       0 |   0.0
            +---------+---------+-------+---------+---------+-------
